 Dungeon Crawl Stone Soup version 0.30-a0-948-g4fa250aae5 (webtiles) character file.

Game seed: 7842763152836048189

203 jimonade the Trooper (level 5, 0/47 HPs)
             Began as a Hill Orc Fighter on Mar 27, 2023.
             Slain by an orc
             ... wielding a +0 trident
              (3 damage)
             ... on level 4 of the Dungeon.
             The game lasted 00:06:15 (3123 turns).

jimonade the Trooper (Hill Orc Fighter)             Turns: 3123, Time: 00:06:16

Health: 0/47       AC:  6    Str: 19    XL:     5   Next: 81%
Magic:  7/7        EV: 11    Int: 10    God:
Gold:   216        SH:  5    Dex: 16    Spells: 4/4 levels left

rFire   . . .      SeeInvis .    a - +1 dagger (venom)
rCold   . . .      Faith    .    c - +0 buckler
rNeg    . . .      Spirit   .    l - +1 leather armour {rPois}
rPois   +          Reflect  .    (no helmet)
rElec   .          Rampage  .    j - +0 cloak
rCorr   .                        q - +0 pair of gloves
Will    .....                    (no boots)
Stlth   +                        (no amulet)
HPRegen 0.27/turn                v - +6 ring of dexterity
MPRegen 0.10/turn                (no ring)

@: no status effects
A: no striking features
a: no special abilities


You were on level 4 of the Dungeon.
You visited 1 branch of the dungeon, and saw 4 of its levels.

You collected 216 gold pieces.

Inventory:

Hand Weapons
 a - a +1 dagger of venom (weapon)
 n - a +0 war axe
 t - a +0 spear
Missiles
 e - 7 poisoned darts (quivered)
Armour
 c - a +0 buckler (worn)
 i - a +0 chain mail
 j - a +0 cloak (worn)
 l - a +1 leather armour of poison resistance (worn)
 m - a scarf of invisibility
 o - a +0 chain mail
 q - a +0 pair of gloves (worn)
Jewellery
 v - a +6 ring of dexterity (left hand)
Scrolls
 g - a scroll of fog
 h - a scroll of enchant weapon {unknown}
 k - 2 scrolls of enchant armour {unknown}
 p - a scroll of immolation {unknown}
 s - a scroll of brand weapon {unknown}
 w - a scroll of poison {unknown}
 x - 2 scrolls of teleportation {unknown}
Potions
 b - 2 potions of curing
 d - a potion of might
 f - 3 potions of resistance
 r - 2 potions of haste {unknown}
 u - a potion of brilliance {unknown}
 z - a potion of heal wounds {unknown}
 A - a potion of flight {unknown}


   Skills:
 + Level 4.5 Fighting
 + Level 1.8 Short Blades
 - Level 3.4 Axes
 + Level 3.9 Armour
 + Level 1.0 Dodging
 + Level 3.8 Shields
 * Level 3.2 Invocations


You had 4 spell levels left.
You didn't know any spells.
Your spell library was empty.

Dungeon Overview and Level Annotations

Branches:
Dungeon (4/15)
 Temple: D:4-7

Altars:

Shops:
D:2 ?


Message History

You miss something. You block the orc's attack.
Something hits you but does no damage.
You barely miss something. You block the orc's attack. Something hits you.
You hit something. You block the orc's attack.
Something hits you but does no damage.
You miss something. You block the orc's attack. Something hits you.
You closely miss something. You block the orc's attack. Something hits you.
You hit something.
The orc hits you from afar with a +0 trident.
* * * LOW HITPOINT WARNING * * *
Something hits you but does no damage.
You hit something. The orc closely misses you.
You hear some strange, mumbled words.
A puff of flame appears from out of thin air!
The puff of flame hits you.
* * * LOW HITPOINT WARNING * * *
You hit something.
Reactivating autopickup.
You feel a bit more experienced. The orc barely misses you.
Your Dodging skill increases to level 1!
You barely miss the orc. The orc hits you but does no damage.
You block the orc's attack.
You hit the orc.
The orc is heavily wounded.
The orc hits you with a +0 flail.
* * * LOW HITPOINT WARNING * * *
The orc closely misses you.
You barely miss the orc.
The orc is heavily wounded.
The orc hits you with a +0 flail.
* * * LOW HITPOINT WARNING * * *
The orc hits you from afar with a +0 trident.
* * * LOW HITPOINT WARNING * * *
You hit the orc but do no damage.
The orc is heavily wounded.
The orc barely misses you. You block the orc's attack.
You hit the orc.
You kill the orc!
The orc hits you from afar with a +0 trident.
You die...

.......#
#....#.#
.......#
#....#.#
.....###
#....#.#
.....#
######.#
.....# #.#
)....###
#.#
.......###
#.#
..........
#.#
#.........
#@#
..'###....
#o#
.#...+....
#.o......
###### ...
#oo.....$
# ..
#......Jo
#
#......o.
#.#######
... ..#


You could see 4 orcs.

Vanquished Creatures
  2 orc wizards (D:4)
  3 adders (D:2)
  An ufetubus (D:4)
  6 worms
  2 dart slugs
  2 orcs (D:4)
  5 ball pythons
  6 bats
  6 endoplasms
  2 giant cockroaches
  3 goblins
  11 hobgoblins
  4 jackals (D:1)
  4 quokkas
  6 frilled lizards
  9 kobolds
  6 rats
78 creatures vanquished.

Vanquished Creatures (others)
  An orc wizard (D:4)
1 creature vanquished.

Grand Total: 79 creatures vanquished

Notes
Turn   | Place    | Note
-------+----------+-------------------------------------------
     0 | D:1      | jimonade the Hill Orc Fighter began the quest for the Orb.
     0 | D:1      | Reached XP level 1. HP: 19/19 MP: 1/1
    86 | D:1      | Reached XP level 2. HP: 23/27 MP: 2/2
   327 | D:1      | Reached skill level 1 in Invocations
   347 | D:1      | Reached XP level 3. HP: 33/33 MP: 3/3
   394 | D:1      | Reached skill level 4 in Fighting
  1261 | D:2      | Found Gudiyrho's Magic Scroll Shoppe.
  1526 | D:2      | Reached XP level 4. HP: 40/40 MP: 5/5
  2352 | D:3      | Reached skill level 1 in Short Blades
  2695 | D:3      | Reached XP level 5. HP: 46/47 MP: 5/7
  3119 | D:4      | Reached skill level 1 in Dodging
  3121 | D:4      | HP: 2/47 [orc/+0 trident (3)]
  3123 | D:4      | Slain by an orc

Illustrated notes

Levels and vault maps discovered:
D:1:      dpeg_arrival_lava_temple_mockup, layout_basic,
          chequers_serial_rivers_marsh
D:2:      layout_loops_cross, serial_shops, shop, st_stairs_11,
          solitary_fountain, minmay_misc_feat_iff
D:3:      layout_loops_ring
D:4:      layout_basic, mainiacjoe_overflow_brackets, trog_three_pillars_becter,
          serial_corexii_hall, corexii_hall_statues_i, corexii_hall_statues_s

Skill      XL: |  1  2  3  4  5 |
---------------+----------------+-----
Axes           | 3 |  3.4
Invocations    | 1 2 3 |  3.2
Fighting       | 4 |  4.5
Short Blades   | 1 |  1.8
Dodging        | 1 |  1.0
Armour         | |  3.9
Shields        | |  3.8

Action                     |  1- 3 |  4- 6 || total
---------------------------+-------+-------++-------
  Melee: War axe           |    91 |       ||    91
         Dagger            |    41 |   138 ||   179
    Use: Scroll            |       |     3 ||     3
   Stab: Sleeping          |       |     1 ||     1
 Armour: Scale mail        |    35 |       ||    35
         Chain mail        |    18 |       ||    18
         Leather armour    |     9 |    51 ||    60
  Dodge: Dodged            |    60 |    55 ||   115
  Block: Buckler           |    33 |    24 ||    57

Table legend: (Time is in decaauts)
 A = Elapsed time spent in this place.
 B = Non-inter-level travel time spent in this place.
 C = Inter-level travel time spent in this place.
 D = Time resting spent in this place.
 E = Time spent auto-exploring this place.
 F = Levels seen in this place.
 G = Mean time per level.
                   A        B        C        D        E       F      G
               +--------+--------+--------+--------+--------+-----+--------+
         Total |   3161 |   3012 |    149 |     73 |   2175 |   4 |  790.2 |
       Dungeon |   3161 |   3012 |    149 |     73 |   2175 |   4 |  790.2 |
               +--------+--------+--------+--------+--------+-----+--------+

Top non-repeatable levels by time:
     D:1: 1230 daAuts
     D:2: 976 daAuts
     D:3: 760 daAuts
     D:4: 194 daAuts
